 Dungeon Crawl Stone Soup version 0.31-a0-700-gf13585253f (webtiles) character file.

Game seed: 15908373349145231251

210 qw the Shooter (level 5, -6/33 HPs)
             Began as a Gargoyle Hunter on Sept 7, 2023.
             Mangled by a hell rat (12 damage)
             ... in a sewer.
             The game lasted 00:00:59 (2283 turns).

qw the Shooter (Gargoyle Hunter)                    Turns: 2283, Time: 00:00:59

Health: -6/33      AC:  8    Str: 15    XL:     5   Next: 87%
Magic:  5/5        EV: 11    Int:  9    God:
Gold:   128        SH:  0    Dex: 15    Spells: 4/4 levels left

rFire   . . .        Y - +1 shortbow
rCold   . . .        (shield currently unavailable)
rNeg    + . .        c - +1 leather armour "Loun" {rCorr}
rPois   inf          (no helmet)
rElec   +            d - scarf {repulsion}
rCorr   +            (no gloves)
SInv    .            (no boots)
Will    .....        (no amulet)
Stlth   ++           (no ring)
HPRegen 0.25/turn    (no ring)
MPRegen 0.09/turn

%: repel missiles
@: about to teleport
A: sickness immunity, AC +4, negative energy resistance 1, electricity
resistance, torment resistance 1, petrification resistance
a: no special abilities


You were in a sewer.
You visited 1 branch of the dungeon, and saw 3 of its levels.
You also visited: Sewer.

You collected 128 gold pieces.


Innate Abilities, Weirdness & Mutations

You are immune to sickness and miasma.
Your stone body is resilient. (AC +4)
You are immune to poison.
You resist negative energy. (rN+)
You are resistant to electric shocks. (rElec)
You are resistant to unholy torment.
You are immune to petrification.


   Skills:
 - Level 4.0 Fighting
 + Level 6.0 Ranged Weapons
 - Level 1.0 Armour
 - Level 1.5 Dodging
 - Level 1.1 Stealth


You had 4 spell levels left.
You didn't know any spells.
Your spell library was empty.

Inventory:

Hand Weapons
 Y - a +1 shortbow (weapon)
Armour
 c - the +1 leather armour "Loun" (worn) {rCorr}
   (You found it on level 2 of the Dungeon)

   rCorr:     It protects you from acid and corrosion.
 d - a scarf of repulsion (worn)
Scrolls
 g - 3 scrolls of teleportation
Potions
 b - a potion of mutation {unknown}
 e - 2 potions of curing
 h - a potion of haste {unknown}
 i - a potion of magic {unknown}

Dungeon Overview and Level Annotations

Branches:
Dungeon (3/15)              Sewer (1/1)

Altars:
Gozag
Trog

Shops:
D:3 :


Message History

You start resting.
HP restored.
You enter the shallow water.
Moving in this stuff is going to be slow.
You see here a river rat corpse.
You see here a rat corpse.
You enter the shallow water.
Moving in this stuff is going to be slow.
You open the door.
A hell rat comes into view.
The hell rat roars deafeningly!
Found four items.
Found a gate leading back out of this place.
You shoot an arrow.
The arrow hits the hell rat but does no damage.
You enter the shallow water.
Moving in this stuff is going to be slow.
Found three items.
2277 ||| Stepping ~*~*~tactically~*~*~ (water).
The hell rat attacks as it pursues you! The hell rat barely misses you.
The hell rat bites you.
You shoot an arrow. The arrow hits the hell rat.
The hell rat is lightly wounded.
The hell rat bites you.
You shoot an arrow. The arrow closely misses the hell rat.
The hell rat closely misses you.
You shoot an arrow. The arrow hits the hell rat!
The hell rat is heavily wounded.
The hell rat misses you. x2
You shoot an arrow. The arrow closely misses the hell rat.
The hell rat bites you!
You shoot an arrow.
The arrow hits the hell rat but does no damage.
The hell rat is heavily wounded.
The hell rat closely misses you. The hell rat bites you.
2283 ||| READING 4 scrolls of teleportation.
As you read the scroll of teleportation, it crumbles to dust.
You feel strangely unstable. The hell rat bites you!
You die...

#########
###~~@.~~.###
#~...r~..~%.###
#...~~##'##..~~~#
#~~.###.~~###%..##
..~ .~~~~~ ##..~#
.~ ~~.~~~~. #%~.#
~..##.!???!~##~~.#
~~~###!\!###~~~##
~~~~.#####~~..~#


You could see a hell rat.

Vanquished Creatures
  An orc wizard (D:3)
  3 gnolls (D:3)
  2 river rats (Sewer)
  5 adders
  2 dart slugs
  12 orcs (D:3)
  5 endoplasms
  5 giant cockroaches
  6 goblins
  7 hobgoblins
  8 ball pythons
  9 bats
  4 frilled lizards
  6 kobolds
  8 rats
83 creatures vanquished.

Notes
Turn   | Place    | Note
-------+----------+-------------------------------------------
     0 | D:1      | qw the Gargoyle Hunter began the quest for the Orb.
     0 | D:1      | Reached XP level 1. HP: 12/12 MP: 1/1
     0 | D:1      | 0 ||| qw: Version: 0.3-a-76-g4403597
     0 | D:1      | 0 ||| qw: Game counter: 435
     0 | D:1      | 0 ||| qw: Melee chars always use a shield: true
     0 | D:1      | 0 ||| qw: God list: Okawaru
     0 | D:1      | 0 ||| qw: Allow faded altars: false
     0 | D:1      | 0 ||| qw: Do Orc after clearing Dungeon:15 true
     0 | D:1      | 0 ||| qw: Do second Lair branch before Depths: true
     0 | D:1      | 0 ||| qw: Lair rune preference: random
     0 | D:1      | 0 ||| qw: Goals: Normal
     0 | D:1      | 0 ||| PLANNING D:1-11
    55 | D:1      | Reached XP level 2. HP: 17/17 MP: 2/2
   634 | D:1      | Reached XP level 3. HP: 21/21 MP: 3/3
   845 | D:1      | 845 ||| UPGRADING to +0 ring mail.
   855 | D:1      | 855 ||| DROPPING +0 leather armour.
   856 | D:1      | 856 ||| READING 2 scrolls labelled KAKUKH NIETWOSS.
   857 | D:1      | 857 ||| READING 2 scrolls labelled FOTEUBROGHU.
   862 | D:1      | 862 ||| READING scroll labelled XEPEAN UCLINE.
   863 | D:1      | 863 ||| DROPPING scroll of amnesia.
   864 | D:1      | 864 ||| DROPPING scroll of butterflies.
   996 | D:2      | Reached skill level 1 in Armour
   998 | D:2      | Reached skill level 5 in Ranged Weapons
  1137 | D:2      | Identified the +1 leather armour "Loun" {rCorr}
  1453 | D:2      | Reached XP level 4. HP: 27/27 MP: 4/4
  1467 | D:2      | 1467 ||| UPGRADING to +1 leather armour "Loun" {rCorr}.
  1477 | D:2      | 1477 ||| DROPPING +0 ring mail.
  1478 | D:2      | 1478 ||| READING scroll labelled VOAP SODOMM.
  1479 | D:2      | 1479 ||| DRINKING 2 puce potions.
  1480 | D:2      | 1480 ||| DRINKING 2 grey potions.
  1496 | D:3      | 1496 ||| PLANNING SEWER
  1496 | D:3      | 1496 ||| RETREATING.
  1503 | D:3      | Reached skill level 3 in Fighting
  1507 | D:3      | HP: 4/28 [gnoll/+0 whip (7)]
  1508 | D:3      | 1508 ||| READING 2 scrolls of teleportation.
  1509 | D:3      | 1509 ||| DRINKING potion of heal wounds.
  1552 | D:3      | Found a bloodstained altar of Trog.
  1558 | D:3      | Reached XP level 5. HP: 32/32 MP: 5/5
  1681 | D:3      | Reached skill level 6 in Ranged Weapons
  1858 | D:3      | Found an opulent altar of Gozag.
  2049 | D:3      | Found Rawke's Book Emporium.
  2115 | D:3      | Found a glowing drain.
  2116 | D:3      | 2116 ||| UPGRADING to scarf of repulsion.
  2121 | D:3      | 2121 ||| READING 2 scrolls labelled ICEETA VERAI.
  2222 | D:3      | 2222 ||| DROPPING scroll of silence.
  2231 | Sewer    | Entered a sewer
  2247 | Sewer    | 2247 ||| Stepping ~*~*~tactically~*~*~ (water).
  2277 | Sewer    | 2277 ||| Stepping ~*~*~tactically~*~*~ (water).
  2282 | Sewer    | HP: 6/33 [hell rat (6)]
  2283 | Sewer    | 2283 ||| READING 4 scrolls of teleportation.
  2283 | Sewer    | Mangled by a hell rat

Levels and vault maps discovered:
D:1:      co_arrival_square_in_a_square_in_a_square, layout_loops_corners,
          minmay_stone_trees_medium
D:2:      layout_basic
D:3:      layout_rooms, grunt_gozag_statues, amcnicky_altar_gilded,
          portal_sewer_entry_d, serial_shops, shop
Sewer:    sewer_hellmonk_bad_rat

Skill      XL: |  1  2  3  4  5 |
---------------+----------------+-----
Armour         | 1 |  1.0
Ranged Weapons | 5 6 |  6.0
Fighting       | 3 4 |  4.0
Dodging        | |  1.5
Stealth        | |  1.1

Action                     |  1- 3 |  4- 6 || total
---------------------------+-------+-------++-------
   Fire: Shortbow          |    99 |   157 ||   256
    Use: Scroll            |     3 |     4 ||     7
         Potion            |       |     3 ||     3
 Armour: Leather armour    |    15 |    57 ||    72
         Ring mail         |     3 |       ||     3
  Dodge: Dodged            |    26 |    53 ||    79

Table legend:
 A = Non-vault XP
 B = Vault XP
 C = Vault XP percentage of total XP
 D = Non-vault monster count
 E = Vault monster count
 F = Vault count percentage of total count
                 A         B        C        D         E       F
            +---------+---------+-------+---------+---------+-------
      Total |     258 |      42 |  14.0 |      78 |       5 |   6.0
            +---------+---------+-------+---------+---------+-------
        D:1 |      37 |       0 |   0.0 |      22 |       0 |   0.0
        D:2 |      45 |       0 |   0.0 |      21 |       0 |   0.0
        D:3 |     176 |      13 |   6.9 |      35 |       1 |   2.8
      Sewer |       0 |      29 | 100.0 |       0 |       4 | 100.0
            +---------+---------+-------+---------+---------+-------
